 Dungeon Crawl Stone Soup version 0.28-a0-425-gd0eccab798 (webtiles) character file.

Game seed: 3753455779991829384

17195 Astera the Spear-Bearer (level 12, -11/64 (98) HPs)
             Began as a Merfolk Fighter on Sept 8, 2021.
             Was a High Priest of Ru.
             Mangled by Rupert (15 damage)
             ... while paralysed by Rupert
             ... on level 10 of the Dungeon on Sept 9, 2021.
             The game lasted 01:20:50 (19270 turns).

Astera the Spear-Bearer (Merfolk Fighter)          Turns: 19270, Time: 01:20:50

HP:   -11/64 (98)   AC: 13    Str: 25    XL:     12   Next: 45%
MP:   18/18         EV:  2    Int:  7    God:    Ru [*****.]
Gold: 638           SH:  0    Dex: 16    Spells: 11/11 levels left

rFire   + + +      SeeInvis .   p - +3 spear of the Hand {holy, rF+}
rCold   . . .      Faith    .   o - +0 kite shield
rNeg    . . .      Spirit   .   F - +1 scale mail {rF+}
rPois   .          Reflect  +   H - +1 hat
rElec   .          Harm     .   l - +2 cloak
rCorr   +          Rampage  .   u - +0 pair of gloves
Will    .....                   (no boots)
Stlth   ..........              w - amulet of reflection
HPRegen 0.20/turn               J - ring "Earthly Heaven" {Fire rCorr Str+6 Slay-2}
MPRegen 0.16/turn               b - ring of protection from cold

@: paralysed, very heavily drained
A: no stealth, inability to use devices, hated by all, no hexes magic, no ice
magic, no translocations magic, (nimble swimmer 2), mertail
a: Renounce Religion, Draw Out Power, Power Leap, Apocalypse


You were on level 10 of the Dungeon.
You worshipped Ru.
Ru was extremely pleased with you.
You visited 2 branches of the dungeon, and saw 13 of its levels.

You collected 638 gold pieces.

Inventory:

Hand Weapons
 p - the +3 spear of the Hand (weapon) {holy, rF+}
   (You found it on level 4 of the Dungeon)

   It has been blessed by the Shining One to cause great damage to the undead
   and demons.
   rF:        It protects you from fire.
 K - a +5 spear of venom
Missiles
 C - 13 boomerangs (quivered)
 G - a throwing net
Armour
 l - a +2 cloak (worn)
 o - a +0 kite shield (worn)
 u - a +0 pair of gloves (worn)
 F - a +1 scale mail of fire resistance (worn)
 H - a +1 hat (worn)
Jewellery
 b - a ring of protection from cold (right hand)
 w - an amulet of reflection (around neck)
 B - a ring of willpower
 D - a ring of poison resistance
 J - the ring "Earthly Heaven" (left hand) {Fire rCorr Str+6 Slay-2}
   (You took it off an orc wizard on level 10 of the Dungeon)

   [ring of fire]

   It enhances your fire magic.
   Str:       It affects your strength (+6).
   Slay:      It affects your accuracy & damage with ranged weapons and melee
   (-2).
   rF:        It protects you from fire.
   rC:        It makes you vulnerable to cold.
   rCorr:     It protects you from acid and corrosion.
Scrolls
 a - a scroll of enchant armour {unknown}
 f - a scroll of silence {unknown}
 g - 4 scrolls of teleportation
 h - a scroll of noise {unknown}
 k - a scroll of blinking
 m - a scroll of immolation {unknown}
 n - 2 scrolls of enchant weapon
 v - 2 scrolls of brand weapon {unknown}
 x - a scroll of fear {unknown}
 y - 3 scrolls of fog
 z - 3 scrolls of magic mapping
 E - a scroll of identify
Potions
 d - 2 potions of might
 e - a potion of heal wounds
 i - 4 potions of flight
 j - a potion of invisibility {unknown}
 q - 3 potions of attraction
 r - 2 potions of haste
 s - a potion of curing
 A - a potion of resistance {unknown}
 I - a potion of lignification {unknown}


   Skills:
 + Level 10.5 Fighting
 - Level 12.0 Polearms
 - Level 5.4 Armour
 + Level 11.2 Dodging
 + Level 9.2 Shields
 + Level 8.6 Invocations


You had 11 spell levels left.
You didn't know any spells.
Your spell library contained the following spells:

 Spells                   Type           Power      Damage    Failure   Level
 Sandblast                Erth           0%         2d4       91%         1
 Passwall                 Tmut/Erth      0%         N/A       97%         2
 Stone Arrow              Conj/Erth      0%         3d7       100%        3
 Agony                    Necr           0%         N/A       100%        5
 Fireball                 Conj/Fire      0%         3d3       100%        5
 Starburst                Conj/Fire      0%         6d3       100%        6
 Ignition                 Fire           0%         3d3       100%        8
 Dazzling Flash           Conj/Hex       Unusable   N/A       N/A         3
 Silence                  Hex/Air        Unusable   N/A       N/A         5

Dungeon Overview and Level Annotations

Branches:
Dungeon (12/15)            Temple (1/1) D:6            Lair (0/6) D:10
    Orc (0/2) D:11

Altars:
Ashenzari
Cheibriados
Dithmenos
Elyvilon
Fedhas
Gozag
Hepliaklqana
Kikubaaqudgha
Makhleb
Nemelex Xobeh
Okawaru
Qazlal
Ru
Sif Muna
Trog
Uskayaw
Vehumet
Wu Jian
Xom
Yredelemnul
Zin
The Shining One

Annotations:
D:10 Rupert


Innate Abilities, Weirdness & Mutations

You cannot be stealthy.
You cannot study or use magical devices.
You are hated by all.
You cannot study or cast Hexes magic.
You cannot study or cast Ice magic.
You cannot study or cast Translocations magic.
((You are quick and stealthy near water. (Stealth+, EV+, Speed+++)))
Your lower body shifts to a powerful aquatic tail in water.


Message History

Level annotation: Rupert
There is a stone staircase leading up here.
You block Rupert's attack.
Rupert is stunned by your conviction and fails to attack.
You climb upwards.
There is a stone staircase leading down here.
You block Rupert's attack.
Rupert hits you with a +2 great mace of draining!!
You feel drained. Rupert closely misses you.
Rupert hits you with a +2 great mace of draining!!
You feel drained.
You focus your inner power and illuminate Rupert in retribution!
Rupert rages.
You are restored by drawing out deep reserves of power within.
You feel drained.
Rupert stops glowing.
You block Rupert's attack. Rupert barely misses you. You block Rupert's attack.
Rupert hits you with a +2 great mace of draining!
You feel drained.
Rupert hits you with a +2 great mace of draining!
You feel drained. Rupert misses you.
Rupert rages.
Rupert hits you with a +2 great mace of draining!!
* * * LOW HITPOINT WARNING * * *
You feel drained.
* * * LOW HITPOINT WARNING * * *
You're too exhausted to draw out your power.
You feel much better. You block Rupert's attack.
Rupert is no longer berserk.
Rupert yells loudly at you.
You suddenly lose the ability to move!
Rupert screams, "Give me the Holy Grail!"
You feel less exhausted.
You redirect Rupert's attack!
Rupert hits you with a +2 great mace of draining!!
* * * LOW HITPOINT WARNING * * *
You feel drained.
You die...

#..##.##.#.....# ###..########
#..##.##.#.....######............
.................................
.................................
...##.#..#..............≈....≈...
#......[..................)......
#..##.#.[#..#.............(≈....#
#..##....#................≈≈.....
#.....)..##....@@.≈≈.(...........
...#...).##.............≈....≈...
...##.#..##......................
......#..##......................
#..####†.##.....#'###....##.#....
......#..##.....#.# #######...###
<.....#..##.....#.# #.### #
##....#..##.......# #.# #
.#(...#..####..##.# #.# #


You could see Rupert (slow).

Vanquished Creatures
  Gastronok (D:9)
  Harold (D:9)
  3 two-headed ogres
  5 death yaks (D:9)
  Pikel (D:7)
  An ugly thing (D:12)
  A gargoyle (D:10)
  A komodo dragon (D:11)
  2 unseen horrors
  6 slime creatures
  2 wraiths (D:11)
  8 yaks
  2 wyverns
  A vampire mosquito (D:6)
  3 steam dragons
  Menkaure (D:5)
  An acid dragon (D:11)
  A sky beast (D:8)
  A swamp drake (D:11)
  A black bear (D:5)
  5 orc warriors
  4 ogres
  A hornet zombie (D:7)
  A necrophage (D:7)
  8 centaurs
  A phantom (D:5)
  A kobold brigand (D:10)
  2 bullfrogs (D:8)
  A wyvern zombie (D:9)
  A gnoll sergeant (D:11)
  4 killer bees
  17 wights
  2 howler monkeys
  A bullfrog zombie (D:6)
  A hound (D:7)
  10 orc priests
  2 centaur zombies (D:6)
  A bullfrog skeleton (D:6)
  A centaur skeleton (D:6)
  An iron imp (D:10)
  A jelly (D:6)
  Jessica (D:3)
  Ijyb (D:3)
  3 iguanas
  14 orc wizards
  A hound skeleton (D:5)
  2 howler monkey zombies
  14 gnolls
  3 adders
  A shadow imp (D:6)
  3 white imps
  An ufetubus (D:6)
  3 worms
  2 dart slugs
  43 orcs
  7 endoplasms
  4 giant cockroaches
  12 goblins
  8 hobgoblins
  9 jackals
  3 quokkas
  5 ball pythons
  8 bats
  8 frilled lizards
  9 kobolds
  4 rats
278 creatures vanquished.

Vanquished Creatures (others)
  A black bear (D:4)
  2 killer bees (D:9)
  A gnoll (D:11)
  An orc (D:11)
5 creatures vanquished.

Grand Total: 283 creatures vanquished

Notes
Turn   | Place    | Note
-------+----------+-------------------------------------------
     0 | D:1      | Astera the Merfolk Fighter began the quest for the Orb.
     0 | D:1      | Reached XP level 1. HP: 18/18 MP: 1/1
   137 | D:1      | Reached XP level 2. HP: 22/24 MP: 2/2
   476 | D:1      | Found a faded altar of an unknown god.
   483 | D:1      | Became a worshipper of Ru the Awakened
   502 | D:1      | Gained mutation: You cannot be stealthy. [Ru sacrifice]
   778 | D:1      | Reached XP level 3. HP: 30/30 MP: 3/3
  1114 | D:2      | Found a broken altar of Ashenzari.
  1367 | D:2      | Reached skill level 4 in Polearms
  1449 | D:2      | Reached XP level 4. HP: 37/37 MP: 4/4
  2187 | D:3      | Noticed a centaur
  2199 | D:3      | Killed a centaur
  2200 | D:3      | Reached skill level 5 in Polearms
  2200 | D:3      | Reached skill level 1 in Dodging
  2200 | D:3      | Reached XP level 5. HP: 14/42 MP: 5/5
  2607 | D:3      | Noticed Jessica
  2626 | D:3      | Killed Jessica
  2929 | D:3      | Noticed Ijyb
  2952 | D:3      | Killed Ijyb
  3290 | D:3      | Reached XP level 6. HP: 43/48 MP: 6/6
  4146 | D:4      | Gained mutation: You cannot study or cast Ice magic. [Ru
                  | sacrifice]
  4146 | D:4      | Gained mutation: You cannot study or cast Hexes magic. [Ru
                  | sacrifice]
  4146 | D:4      | Gained mutation: You cannot study or cast Translocations
                  | magic. [Ru sacrifice]
  4146 | D:4      | Reached * piety under Ru
  4146 | D:4      | Reached ** piety under Ru
  4221 | D:3      | Reached skill level 6 in Polearms
  4642 | D:4      | Identified the +3 spear of the Hand {holy, rF+}
  5252 | D:5      | Entered Level 5 of the Dungeon
  5258 | D:5      | Noticed a black bear
  5273 | D:4      | Killed a black bear
  5451 | D:5      | Noticed Menkaure
  5608 | D:5      | Found a hazy altar of Hepliaklqana.
  5643 | D:5      | Reached XP level 7. HP: 32/55 MP: 7/7
  5846 | D:4      | Reached skill level 7 in Polearms
  5862 | D:5      | Killed Menkaure
  5986 | D:5      | Upgraded the game from 0.28-a0-421-gd1dd6c5fb5 to
                  | 0.28-a0-425-gd0eccab798
  6358 | D:4      | Reached skill level 5 in Fighting
  6358 | D:4      | Reached skill level 8 in Polearms
  6453 | D:5      | Reached XP level 8. HP: 49/62 MP: 8/8
  7239 | D:6      | Reached skill level 9 in Polearms
  7503 | D:6      | Reached skill level 5 in Armour
  7557 | D:6      | Reached XP level 9. HP: 31/69 MP: 9/9
  7825 | D:6      | Found a staircase to the Ecumenical Temple.
  7835 | D:6      | Reached skill level 10 in Polearms
  7920 | Temple   | Entered the Ecumenical Temple
  8317 | D:6      | Gained mutation: You are hated by all. [Ru sacrifice]
  8317 | D:6      | Reached *** piety under Ru
  8525 | D:7      | Reached skill level 1 in Invocations
  8628 | D:7      | Reached skill level 5 in Dodging
  8817 | D:7      | Reached skill level 5 in Shields
  9000 | D:7      | Found a radiant altar of Vehumet.
  9125 | D:8      | Noticed a two-headed ogre
  9140 | D:8      | Noticed Pikel
  9229 | D:7      | Killed Pikel
  9230 | D:7      | Reached skill level 11 in Polearms
  9415 | D:7      | Killed a two-headed ogre
  9416 | D:7      | Reached XP level 10. HP: 51/79 MP: 12/12
  9820 | D:8      | Noticed a +0 spear
  9820 | D:8      | Noticed a +0 falchion
  9820 | D:8      | Noticed a +0 spear
  9821 | D:8      | Noticed a +0 dagger
  9821 | D:8      | Noticed a +0 short sword
  9821 | D:8      | Noticed a +0 falchion
  9823 | D:8      | Noticed a +0 dagger
  9827 | D:8      | Noticed a +0 short sword
  9833 | D:8      | Found a hide-covered altar of Uskayaw.
 10474 | D:9      | Noticed Gastronok
 11185 | D:9      | Noticed Harold
 11189 | D:9      | Paralysed by Harold for 2 turns
 11196 | D:9      | Paralysed by Harold for 3 turns
 11211 | D:9      | Killed Harold
 11212 | D:9      | Reached skill level 12 in Polearms
 11440 | D:9      | Found a glowing golden altar of the Shining One.
 11444 | D:9      | Found a shimmering blue altar of Sif Muna.
 11444 | D:9      | Found a sparkling altar of Nemelex Xobeh.
 11733 | D:9      | Reached skill level 5 in Invocations
 11927 | D:8      | Reached XP level 11. HP: 38/87 MP: 13/15
 12420 | D:9      | Killed Gastronok
 12657 | D:10     | Entered Level 10 of the Dungeon
 12729 | D:9      | Gained mutation: You cannot study or use magical devices.
                  | [Ru sacrifice]
 12729 | D:9      | Reached **** piety under Ru
 12729 | D:9      | Reached ***** piety under Ru
 13003 | D:10     | Identified the ring "Earthly Heaven" {Fire rCorr Str+6
                  | Slay-2}
 13167 | D:10     | Noticed a death yak
 13167 | D:10     | Noticed a death yak
 13270 | D:9      | Killed a death yak
 13415 | D:10     | Noticed a death yak
 13416 | D:10     | Noticed a death yak
 14661 | D:9      | Found a glowing golden altar of the Shining One.
 14665 | D:9      | Found a shimmering blue altar of Sif Muna.
 14665 | D:9      | Found a sparkling altar of Nemelex Xobeh.
 14714 | D:10     | Noticed a death yak
 14752 | D:9      | Killed a death yak
 15145 | D:9      | Killed a death yak
 15264 | D:9      | Killed a death yak
 15265 | D:9      | Reached skill level 10 in Dodging
 15378 | D:9      | Killed a death yak
 15522 | D:10     | Found a staircase to the Lair.
 15727 | D:10     | Found a snail-covered altar of Cheibriados.
 15995 | D:10     | Reached XP level 12. HP: 56/97 MP: 17/17
 16675 | D:10     | Reached skill level 10 in Fighting
 17144 | D:11     | Found a staircase to the Orcish Mines.
 17574 | D:11     | Noticed a two-headed ogre
 17698 | D:10     | Killed a two-headed ogre
 18412 | D:11     | Found a sacrificial altar of Ru.
 18905 | D:12     | Noticed a two-headed ogre
 18923 | D:11     | Killed a two-headed ogre
 19119 | D:12     | Noticed Rupert
 19229 | D:11     | Paralysed by Rupert for 4 turns
 19269 | D:10     | Paralysed by Rupert for 4 turns
 19270 | D:10     | Mangled by Rupert

Illustrated notes

Levels and vault maps discovered:
D:1:      ncdulo_wetmaze, layout_basic, dilly_ecumenical_altar_fadedgnrine,
          chequers_serial_rivers_small_3, minmay_door_square, minivault_26
D:2:      layout_loops_ring, basic_altar
D:3:      kb_forest_paths, layout_basic, uniq_ijyb, uniq_jessica
D:4:      layout_loops_ring
D:5:      layout_loops_cross, nicolae_overflow_crystal_walls,
          minmay_crystal_water, uniq_menkaure
D:6:      layout_rooms, minmay_temple_entry_proselytizer, kb_rosetta
D:7:      layout_rooms, mainiacjoe_overflow_alcove_4,
          chequers_serial_rivers_micro_c, kennysheep_nub
D:8:      layout_rooms, nicolae_uskayaw_en_pointe, serial_co_window_serial,
          co_window_of_opportunity_a, co_window_corner_a, co_window_corner_a,
          co_window_paths_a, co_window_paths_b, co_window_of_opportunity_b,
          co_window_2corner, co_window_of_opportunity_c,
          co_window_unsneaky_path_a, co_window_unsneaky_path_c,
          co_window_corner_cb, co_window_paths_d, glass_columns_a,
          glass_columns_a, uniq_pikel
D:9:      layout_roguey, minitemple, uniq_harold, uniq_gastronok
D:10:     layout_basic, slow_altar_2, dpeg_lair_monsters, skrybe_limestone_x
D:11:     layout_gridville, erik_orc_1, serial_co_window_serial,
          co_window_paths_b, co_window_of_opportunity_a, co_window_paths_b,
          co_window_paths_b, co_window_paths_a, co_window_2corner,
          co_window_corner_b, co_window_broadway_a, co_window_corner_b,
          glass_columns_c, glass_columns_c, glass_columns_a, glass_columns_b,
          nicolae_ru_great_annihilating_truth
D:12:     cheibrodos_histonic, layout_cave_pods, enter_bailey_4, uniq_rupert,
          uniq_fannar, uniq_maurice
Temple:   dpeg_chambers_temple

Skill      XL: |  1  2  3  4  5  6  7  8  9 10 11 12 |
---------------+-------------------------------------+-----
Polearms       | 4 5 6 8 9 11 12 | 12.0
Fighting       | 4 5 7 8 9 10 | 10.5
Dodging        | 1 2 4 6 8 10 11 | 11.2
Armour         | 3 4 5 |  5.4
Shields        | 4 5 6 8 9 |  9.2
Invocations    | 3 5 7 8 |  8.6

Action                   |  1- 3 |  4- 6 |  7- 9 | 10-12 || total
-------------------------+-------+-------+-------+-------++-------
Melee: Trident           |   147 |   144 |       |       ||   291
       Spear             |       |    61 |   347 |  1100 ||  1508
       Tailslap          |       |       |    11 |       ||    11
Throw: Boomerang         |       |       |     6 |     8 ||    14
Invok: Sacrifice Stealth |     1 |       |       |       ||     1
       Sacrifice Arcana  |       |     1 |       |       ||     1
       Sacrifice Love    |       |       |     1 |       ||     1
       Draw Out Power    |       |       |       |     3 ||     3
       Sacrifice Artific |       |       |       |     1 ||     1
       Power Leap        |       |       |       |     1 ||     1
       Reject Sacrifices |       |       |       |     1 ||     1
  Use: Potion            |       |     1 |       |     3 ||     4
       Scroll            |       |     2 |       |    10 ||    12
 Stab: Distracted        |       |     1 |       |     2 ||     3
       Invisible         |       |       |       |    13 ||    13
       Confused          |       |       |       |     3 ||     3
       Paralysed         |       |       |       |     1 ||     1
Armor: Scale mail        |    54 |    36 |    28 |   160 ||   278
       Steam dragon scal |       |       |     5 |     8 ||    13
Dodge: Dodged            |    55 |    64 |    86 |   180 ||   385
Block: Buckler           |    28 |    35 |    66 |   236 ||   365
       Reflection        |       |       |     7 |    18 ||    25
       Kite shield       |       |       |       |    13 ||    13

Table legend: (Time is in decaauts)
 A = Elapsed time spent in this place.
 B = Non-inter-level travel time spent in this place.
 C = Inter-level travel time spent in this place.
 D = Time resting spent in this place.
 E = Time spent auto-exploring this place.
 F = Levels seen in this place.
 G = Mean time per level.
                   A        B        C        D        E       F      G
               +--------+--------+--------+--------+--------+-----+--------+
         Total |  18650 |  17722 |    928 |   4014 |   8694 |  13 | 1434.6 |
       Dungeon |  18424 |  17518 |    906 |   4014 |   8503 |  12 | 1535.3 |
        Temple |    226 |    204 |     22 |      0 |    191 |   1 |  226.0 |
               +--------+--------+--------+--------+--------+-----+--------+

Top non-repeatable levels by time:
     D:9: 3470 daAuts
     D:3: 2220 daAuts
    D:11: 2042 daAuts
     D:8: 1958 daAuts
    D:10: 1665 daAuts
     D:4: 1521 daAuts
     D:5: 1305 daAuts
     D:7: 1180 daAuts
     D:2: 1090 daAuts
     D:1: 1051 daAuts
     D:6: 810 daAuts
  Temple: 226 daAuts
    D:12: 109 daAuts
